 Dungeon Crawl Stone Soup version 0.30.0-10-gfe55d96785 (webtiles) character file.

Game seed: 6046771964067530702

709 Revguard the Grasshopper (level 7, -1/52 HPs)
             Began as a Demonspawn Warper on May 13, 2023.
             Slain by an ogre
             ... wielding a +0 giant spiked club
              (35 damage)
             ... on level 4 of the Dungeon on May 15, 2023.
             The game lasted 00:20:55 (5590 turns).

Revguard the Grasshopper (Demonspawn Warper)        Turns: 5590, Time: 00:20:55

Health: -1/52      AC:  8    Str: 10 (11) XL:     7   Next: 40%
Magic:  17/20      EV: 12    Int: 20 (21) God:
Gold:   15         SH:  0    Dex: 11 (14) Spells: 2/12 levels left

rFire   . . .        a - +0 short sword
rCold   . . .        (no shield)
rNeg    . . .        b - +0 leather armour
rPois   +            m - +0 helmet
rElec   .            f - +1 cloak {rPois}
rCorr   .            (no gloves)
SInv    .            (no boots)
Will    .....        e - amulet of magic regeneration
Stlth   ++           x - +6 ring of intelligence
HPRegen 0.28/turn    q - ring of magical power
MPRegen 0.57/turn

%: no passive effects
@: on blink cooldown, very slightly contaminated
A: slimy green scales 1, demonic guardian 1, demonic touch 1
a: no special abilities


You were on level 4 of the Dungeon.
You visited 1 branch of the dungeon, and saw 5 of its levels.

You collected 139 gold pieces.
You spent 124 gold pieces at shops.

Inventory:

Hand Weapons
 a - a +0 short sword (weapon)
Missiles
 d - 3 boomerangs of dispersal
 i - 6 boomerangs
Armour
 b - a +0 leather armour (worn)
 f - a +1 cloak of poison resistance (worn)
 m - a +0 helmet (worn)
Jewellery
 e - an amulet of magic regeneration (around neck)
 j - a ring of poison resistance
 q - a ring of magical power (right hand)
 s - a ring of protection from fire
 w - a ring of ice
 x - a +6 ring of intelligence (left hand)
Wands
 n - a wand of polymorph (3)
Scrolls
 g - 2 scrolls of enchant armour
 o - a scroll of summoning
 t - a scroll of vulnerability
 u - a scroll of noise
 v - a scroll of teleportation
Potions
 c - 2 potions of magic
 h - a potion of attraction
 k - a potion of haste
 l - 3 potions of lignification
 p - a potion of brilliance
 r - 2 potions of curing


   Skills:
 + Level 3.2 Fighting
 + Level 2.8 Short Blades
 - Level 0.8 Throwing
 + Level 2.2 Armour
 + Level 2.8 Dodging
 + Level 2.5 Stealth
 + Level 3.0 Spellcasting
 + Level 3.5 Translocations
 + Level 1.9 Air Magic
 + Level 3.2 Invocations
 + Level 2.1 Evocations


You had 2 spell levels left.
You knew the following spells:

 Your Spells              Type           Power      Damage    Failure   Level
a - Blink                 Tloc           34%        N/A       7%          2
b - Lesser Beckoning      Tloc           34%        N/A       7%          2
c - Vhi's Electric Charg  Tloc/Air       26%        N/A       19%         3
d - Teleport Other        Tloc           17%        N/A       13%         3

Your spell library contained the following spells:

 Spells                   Type           Power      Damage    Failure   Level
 Magic Dart               Conj           12%        1d3       19%         1
 Searing Ray              Conj           6%         2d4       28%         2
 Manifold Assault         Tloc           17%        N/A       41%         4
 Fulminant Prism          Conj/Hex       1%         3d5       88%         4


Dungeon Overview and Level Annotations

Branches:
Dungeon (5/15)
 Temple: D:4-7

Altars:
Nemelex Xobeh
Vehumet

Shops:
D:1 *   D:2 :?   D:4 ?


Innate Abilities, Weirdness & Mutations

You are partially covered in slimy green scales. (AC +2)
A weak demonic guardian rushes to your aid.
Your touch may inflict minor irresistible damage on your foes.


Message History

You feel sick.
You are no longer poisoned.
In your confused state, you trip and fall back down the stairs.
The ogre barely misses you.
An orc wizard comes into view. It is wielding a +0 dagger.
You feel better.
An orc wizard comes into view.
It is wielding a +2 dagger of electrocution.
A hound comes into view.
The ogre misses you. The orc hits you but does no damage.
You climb upwards.
There is a stone staircase leading down here.
Casting: Blink (safe; 7% risk of failure)
Confirm with . or Enter, or press ? or * to list all spells.
You blink.
You feel stable enough to blink again.
Charge where?
Press: ? - help, Q - select action, (/) - cycle Dir - move target, f - ogre
Aim: an ogre, wielding a +0 giant spiked club (93% to hit)
You miscast Vhi's Electric Charge.
You are very lightly contaminated with residual magic.
Nothing appears to happen.
You hit the orc.
You touch the orc.
You kill the orc!
You open the door.
There is an open door here.
Casting: Vhi's Electric Charge (dangerous; 19% risk of failure)
Confirm with . or Enter, or press ? or * to list all spells.
You blink.
You can't charge at the ogre because that's out of range!
There's one issue or another keeping you from charging at any nearby foe.
Charge where?
Press: ? - help, Q - select action, (/) - cycle Dir - move target, f/p - ogre
Aim: an ogre, wielding a +0 giant spiked club (93% to hit)
You charge forward with an electric crackle!
You hit the ogre and electrocute it.
You touch the ogre!
The ogre is heavily wounded.
The ogre hits you with a +0 giant spiked club!!
Ouch! That really hurt!
You die...

.# #..#.####.##.........##<# #.#
.###.......(.###...####.##.###>#
....#...###### ##.## #.....)..#
##.###.## #)# ####.##### #.##
##.## #.# #####.##### .## ##.#
##'## #.........# #.## ##..#
##o..###.###.###.# ##.###.#.#
##.O...##.# #.###.# ##.#.#..#
##..@....#.# #..##.#
####.#...####...§......###.....#
............'...§..............#
######...####...§......###.....#
##..# ##.......#.........# ##.#
##.....#########.## #)# ##...##
#.# #.# ##+## #.# #.# #.# #.#


You could see an ogre and an orc.

Vanquished Creatures
  Sigmund (D:4)
  An ogre (D:4)
  A scorpion (D:4)
  A hound (D:4)
  An orc priest (D:4)
  Ijyb (D:3)
  A sleepcap (D:4)
  2 orc wizards
  Robin (D:3)
  3 adders
  An ufetubus (D:3)
  2 dart slugs
  20 orcs
  3 bats
  4 endoplasms
  4 giant cockroaches
  12 goblins
  7 hobgoblins
  7 jackals
  2 quokkas
  11 ball pythons
  A frilled lizard (D:1)
  6 kobolds
  8 rats
101 creatures vanquished.

Vanquished Creatures (collateral kills)
  A jelly (D:4)
  An iguana (D:4)
  An adder (D:2)
  A worm (D:2)
  4 orcs (D:4)
  A quokka (D:3)
  A kobold (D:1)
10 creatures vanquished.

Vanquished Creatures (others)
  A goblin (D:4)
1 creature vanquished.

Grand Total: 112 creatures vanquished

Notes
Turn   | Place    | Note
-------+----------+-------------------------------------------
     0 | D:1      | Revguard the Demonspawn Warper began the quest for the Orb.
     0 | D:1      | Reached XP level 1. HP: 16/16 MP: 3/3
   116 | D:1      | Reached skill level 1 in Armour
   341 | D:1      | Gained mutation: A weak demonic guardian rushes to your
                  | aid. [demonic ancestry]
   341 | D:1      | Reached XP level 2. HP: 20/22 MP: 5/5
   654 | D:1      | Found Sufrig Etif's Assorted Antiques.
  1114 | D:2      | Reached skill level 1 in Invocations
  1114 | D:2      | Gained mutation: You are partially covered in slimy green
                  | scales. (AC +2) [demonic ancestry]
  1114 | D:2      | Reached XP level 3. HP: 12/27 MP: 6/6
  1241 | D:2      | Learned a level 2 spell: Blink
  1244 | D:2      | Learned a level 2 spell: Lesser Beckoning
  1312 | D:2      | Found Goredd's Book Emporium.
  1449 | D:2      | Found Giphis's Magic Scroll Boutique.
  1452 | D:2      | Bought a scroll of identify for 20 gold pieces
  2153 | D:3      | Found a sparkling altar of Nemelex Xobeh.
  2219 | D:3      | Reached skill level 1 in Stealth
  2244 | D:3      | Identified the +9 whip of Subjectivity {heavy, rElec rC++
                  | rN+ MP-9}
  2323 | D:3      | Reached XP level 4. HP: 16/33 MP: 7/7
  2447 | D:3      | Found a faded altar of an unknown god.
  2504 | D:3      | Reached skill level 1 in Evocations
  2917 | D:3      | Reached skill level 1 in Air Magic
  2962 | D:3      | Reached XP level 5. HP: 8/39 MP: 8/8
  2968 | D:3      | Learned a level 3 spell: Vhi's Electric Charge
  3460 | D:3      | Noticed Ijyb
  3548 | D:3      | Killed Ijyb
  3889 | D:4      | Noticed Robin
  3990 | D:3      | Killed Robin
  4202 | D:4      | Noticed Sigmund
  4259 | D:4      | Killed Sigmund
  4260 | D:4      | Gained mutation: Your touch may inflict minor irresistible
                  | damage on your foes. [demonic ancestry]
  4260 | D:4      | Reached XP level 6. HP: 16/46 MP: 9/9
  4490 | D:4      | Upgraded the game from 0.30.0-7-g0c4daa9e05 to
                  | 0.30.0-10-gfe55d96785
  4623 | D:4      | Found a radiant altar of Vehumet.
  4828 | D:4      | Reached XP level 7. HP: 32/52 MP: 11/11
  5033 | D:4      | Identified the +0 robe of Card Tricks {rF+ rC- rN+}
  5161 | D:4      | Found The Oracle's Delphic Readings.
  5165 | D:4      | Bought a scroll of identify for 26 gold pieces
  5165 | D:4      | Bought a scroll of identify for 26 gold pieces
  5165 | D:4      | Bought a scroll of identify for 26 gold pieces
  5165 | D:4      | Bought a scroll of identify for 26 gold pieces
  5231 | D:4      | Learned a level 3 spell: Teleport Other
  5560 | D:5      | Entered Level 5 of the Dungeon
  5590 | D:4      | Slain by an ogre

Illustrated notes

Levels and vault maps discovered:
D:1:      minmay_arrival_glassed_features, layout_loops_ring, serial_shops, shop
D:2:      layout_basic, serial_shops, nicolae_diamond_shop,
          nicolae_shop_rolled_up
D:3:      minmay_octagon_keep, layout_basic,
          mainiacjoe_overflow_six_doors_small,
          ebering_ecumenical_altar_sacrificial, uniq_ijyb
D:4:      layout_loops_corners, mainiacjoe_overflow_paths, corner_web_ring,
          minmay_misc_feat_tower, nicolae_nh_oracle_at_delphi, uniq_robin,
          uniq_sigmund
D:5:      layout_basic, grunt_qazlal_clouds, nicolae_specific_store,
          roderic_roman_lattice, minmay_hedge_maze,
          nicolae_shop_i_like_small_books_too

Skill      XL: |  1  2  3  4  5  6  7 |
---------------+----------------------+-----
Armour         | 1 2 |  2.2
Dodging        | 2 |  2.8
Invocations    | 1 2 3 |  3.2
Stealth        | 1 2 |  2.5
Short Blades   | 2 |  2.8
Evocations     | 1 2 |  2.1
Translocations | 3 |  3.5
Air Magic      | 1 |  1.9
Fighting       | 3 |  3.2
Spellcasting   | 3 |  3.0
Throwing       | |  0.8

Action                     |  1- 3 |  4- 6 |  7- 9 || total
---------------------------+-------+-------+-------++-------
  Melee: Short sword       |   215 |   382 |    37 ||   634
         Punch             |     2 |     3 |     1 ||     6
         Unarmed           |       |    24 |       ||    24
         Touch             |       |     9 |     8 ||    17
  Throw: Boomerang         |     1 |     3 |       ||     4
   Cast: Lesser Beckoning  |     2 |     5 |       ||     7
         Blink             |     1 |     1 |     4 ||     6
         Vhi's Electric Ch |       |     5 |    16 ||    21
    Use: Potion            |     4 |     3 |     1 ||     8
         Scroll            |     2 |     3 |     4 ||     9
   Stab: Sleeping          |     1 |     1 |       ||     2
         Distracted        |       |       |     2 ||     2
 Armour: Leather armour    |    59 |   110 |    12 ||   181
         Skin              |     6 |    34 |       ||    40
  Dodge: Dodged            |   131 |   222 |    16 ||   369
